SNL (28 & UNDER)
GAINESVILLE GUIDOS @ WEST VIRGINIA POWER
08/06/2024
 
TOP OF THE 1ST
Gainesville Guidos batting - Pitching for West Virginia Power : RHP Aaron Thrash
Pitching: RHP Aaron Thrash
Batting: RHB Noriyori Ine 0-0: Called Strike
0-1: Foul Ball, location: 2F
0-2: Ball
1-2: Foul Ball, location: 2F
1-2: Strikes out swinging
Batting: LHB Mark Owens 0-0: Ball
1-0: SINGLE (Line Drive, 9LS)
Batting: LHB Dave Watt 0-0: Called Strike
0-1: SINGLE (Groundball, 6M)
Mark Owens to second
Batting: RHB Kyle O'Day 0-0: Grounds into double play, 4-6-3 (Groundball, 4)
Top of the 1st over - 0 run(s), 2 hit(s), 0 error(s), 1 left on base; Gainesville 0 - West Virginia 0
BOTTOM OF THE 1ST
West Virginia Power batting - Pitching for Gainesville Guidos : RHP Ronald Adams
Pitching: RHP Ronald Adams
Batting: RHB Luis Encarnación 0-0: Swinging Strike
0-1: Fly out, F8 (Flyball, 8LS)
Batting: RHB Alfonso Huertas 0-0: Called Strike
0-1: Foul Ball, location: 2F
0-2: Ball
1-2: Strikes out looking
Batting: RHB Ben Dougherty 0-0: Ball
1-0: Ball
2-0: Foul Ball, location: 2F
2-1: Ball
3-1: Base on Balls
Batting: RHB Alden Isenhood 0-0: SINGLE (Flyball, 9LM)
Ben Dougherty to second
Throwing error, E9
Ben Dougherty scores
Alden Isenhood to second
Batting: LHB Lúcio Anaya 0-0: Called Strike
0-1: Ground out 5-3 (Groundball, 56)
Bottom of the 1st over - 1 run(s), 1 hit(s), 1 error(s), 1 left on base; Gainesville 0 - West Virginia 1
TOP OF THE 2ND
Gainesville Guidos batting - Pitching for West Virginia Power : RHP Aaron Thrash
Batting: RHB Mitch Thomas 0-0: Foul Ball, location: 2F
0-1: Ball
1-1: Foul Ball, location: 2F
1-2: Ball
2-2: Ball
3-2: Reached on error, E2 (Groundball, 2L)
Batting: LHB António Cedeńo 0-0: Called Strike
0-1: Ball
1-1: Swinging Strike
1-2: DOUBLE (Flyball, 89M)
Mitch Thomas scores
Batting: RHB Pedro Mata 0-0: Fly out, F9 (Flyball, 9M)
Batting: RHB Tetsunori Ito 0-0: Swinging Strike
0-1: Ball
1-1: Fly out, F9 (Flyball, 89S)
Batting: RHB Ben Morton 0-0: Called Strike
0-1: Ball
1-1: Ground out 6-3 (Groundball, 6)
Top of the 2nd over - 1 run(s), 1 hit(s), 1 error(s), 1 left on base; Gainesville 1 - West Virginia 1
BOTTOM OF THE 2ND
West Virginia Power batting - Pitching for Gainesville Guidos : RHP Ronald Adams
Batting: RHB Dave McGrath 0-0: Called Strike
0-1: Swinging Strike
0-2: Ball
1-2: Foul Ball, location: 2F
1-2: Strikes out swinging
Batting: LHB Jesús Ángel 0-0: Ground out 6-3 (Groundball, 6)
Batting: RHB Len Burke 0-0: Called Strike
0-1: Swinging Strike
0-2: Strikes out looking
Bottom of the 2nd over - 0 run(s), 0 hit(s), 0 error(s), 0 left on base; Gainesville 1 - West Virginia 1
TOP OF THE 3RD
Gainesville Guidos batting - Pitching for West Virginia Power : RHP Aaron Thrash
Now at C: António De Los Ángeles
Batting: RHB Noriyori Ine 0-0: Foul Ball, location: 2F
0-1: SINGLE (Line Drive, 6MD)
Batting: LHB Mark Owens 0-0: Called Strike
0-1: Called Strike
0-2: Strikes out swinging
Batting: LHB Dave Watt 0-0: Ball
1-0: Ball
2-0: Ball
3-0: Called Strike
3-1: Called Strike
3-2: Fly out, F5 (Popup, 5L)
Batting: RHB Kyle O'Day 0-0: SINGLE (Flyball, 9LS)
Noriyori Ine to second
Runner from 2nd tries for 3rd, SAFE, throw made to third
Batting: RHB Mitch Thomas 0-0: Called Strike
Kyle O'Day is caught stealing 2nd base
Top of the 3rd over - 0 run(s), 2 hit(s), 0 error(s), 0 left on base; Gainesville 1 - West Virginia 1
BOTTOM OF THE 3RD
West Virginia Power batting - Pitching for Gainesville Guidos : RHP Ronald Adams
Batting: RHB Gonzalo Gil 0-0: Ball
1-0: SINGLE (Line Drive, 78S)
Batting: RHB Luis Encarnación 0-0: Swinging Strike
0-1: Ball
1-1: Ball
2-1: Ball
3-1: Base on Balls
Gonzalo Gil to second
Batting: RHB Alfonso Huertas 0-0: Grounds into double play, 6-4-3 (Groundball, 6)
Gonzalo Gil to third
Batting: RHB Ben Dougherty 0-0: Ball
1-0: Called Strike
1-1: DOUBLE (Flyball, 8RXD)
Gonzalo Gil scores
Batting: RHB Alden Isenhood 0-0: Called Strike
0-1: SINGLE (Groundball, 4M) (infield hit)
Ben Dougherty to third
Batting: LHB Lúcio Anaya 0-0: Foul Ball, location: 2F
0-1: Ball
1-1: Ball
2-1: DOUBLE (Flyball, 9LM)
Ben Dougherty scores
Alden Isenhood to third
Runner from 3rd tries for Home, SAFE, no throw or cutoff
Batting: RHB Dave McGrath 0-0: Ball
1-0: Swinging Strike
1-1: Called Strike
1-2: Foul Ball, location: 2F
1-2: 2-RUN HOME RUN (Flyball, 8RXD), Distance : 418 ft
Batting: LHB Jesús Ángel 0-0: Swinging Strike
0-1: Called Strike
0-2: Strikes out swinging
Bottom of the 3rd over - 5 run(s), 5 hit(s), 0 error(s), 0 left on base; Gainesville 1 - West Virginia 6
TOP OF THE 4TH
Gainesville Guidos batting - Pitching for West Virginia Power : RHP Aaron Thrash
Batting: RHB Mitch Thomas 0-0: Called Strike
0-1: Ball
1-1: Ground out 6-3 (Groundball, 6M)
Batting: LHB António Cedeńo 0-0: Foul Ball, location: 2F
0-1: SINGLE (Groundball, 34D)
Batting: RHB Pedro Mata 0-0: Swinging Strike
0-1: Fly out, F7 (Flyball, 7M)
Batting: RHB Tetsunori Ito 0-0: Called Strike
0-1: Foul Ball, location: 2F
0-2: Foul Ball, location: 2F
0-2: Ball
1-2: Strikes out swinging
Top of the 4th over - 0 run(s), 1 hit(s), 0 error(s), 1 left on base; Gainesville 1 - West Virginia 6
BOTTOM OF THE 4TH
West Virginia Power batting - Pitching for Gainesville Guidos : RHP Ronald Adams
Batting: LHB António De Los Ángeles 0-0: Ground out U3 (Groundball, 3S)
Batting: RHB Gonzalo Gil 0-0: Ground out 6-3 (Groundball, 6)
Batting: RHB Luis Encarnación 0-0: Called Strike
0-1: Ball
1-1: Ball
2-1: Ball
3-1: Base on Balls
Batting: RHB Alfonso Huertas 0-0: Ball
1-0: Foul Ball, location: 2F
1-1: Ball
2-1: Called Strike
2-2: Fly out, F9 (Flyball, 9LMF)
Bottom of the 4th over - 0 run(s), 0 hit(s), 0 error(s), 1 left on base; Gainesville 1 - West Virginia 6
TOP OF THE 5TH
Gainesville Guidos batting - Pitching for West Virginia Power : RHP Aaron Thrash
Batting: RHB Ben Morton 0-0: Ball
1-0: Ball
2-0: Foul Ball, location: 2F
2-1: Ball
3-1: Foul Ball, location: 2F
3-2: Foul Ball, location: 2F
3-2: SINGLE (Line Drive, 7LS)
Batting: RHB Noriyori Ine 0-0: Ball
1-0: Swinging Strike
1-1: Foul Ball, location: 2F
1-2: Ball
2-2: Fly out, F9 (Flyball, 89M)
Batting: LHB Mark Owens 0-0: Ball
1-0: Foul Ball, location: 2F
1-1: Swinging Strike
1-2: Foul Ball, location: 2F
1-2: Ball
2-2: Foul Ball, location: 2F
2-2: Foul Ball, location: 2F
2-2: Ball
3-2: Base on Balls
Ben Morton to second
Batting: LHB Dave Watt 0-0: Called Strike
0-1: SINGLE (Groundball, 4M)
Ben Morton to third
Mark Owens to second
Batting: RHB Kyle O'Day 0-0: Swinging Strike
0-1: Ball
1-1: Called Strike
1-2: Strikes out swinging
Batting: RHB Mitch Thomas 0-0: Swinging Strike
0-1: Foul Ball, location: 2F
0-2: Strikes out swinging
Top of the 5th over - 0 run(s), 2 hit(s), 0 error(s), 3 left on base; Gainesville 1 - West Virginia 6
BOTTOM OF THE 5TH
West Virginia Power batting - Pitching for Gainesville Guidos : RHP Ronald Adams
Batting: RHB Ben Dougherty 0-0: Ball
1-0: Foul Ball, location: 2F
1-1: Swinging Strike
1-2: Ball
2-2: Ball
3-2: Strikes out swinging
Batting: RHB Alden Isenhood 0-0: Ball
1-0: Ball
2-0: Called Strike
2-1: Ball
3-1: Base on Balls
Batting: LHB Lúcio Anaya 0-0: SINGLE (Line Drive, 8LS)
Alden Isenhood to second
Batting: RHB Dave McGrath 0-0: Ball
1-0: Called Strike
1-1: Foul Ball, location: 2F
1-2: Foul Ball, location: 2F
1-2: Strikes out swinging
Batting: LHB Jesús Ángel 0-0: Ball
1-0: Swinging Strike
1-1: Ball
2-1: Foul Ball, location: 2F
2-2: Ball
3-2: Ground out 4-3 (Groundball, 4M)
Bottom of the 5th over - 0 run(s), 1 hit(s), 0 error(s), 2 left on base; Gainesville 1 - West Virginia 6
TOP OF THE 6TH
Gainesville Guidos batting - Pitching for West Virginia Power : RHP Aaron Thrash
Batting: LHB António Cedeńo 0-0: Swinging Strike
0-1: Swinging Strike
0-2: Foul Ball, location: 2F
0-2: Strikes out looking
Batting: RHB Pedro Mata 0-0: Ball
1-0: Swinging Strike
1-1: Swinging Strike
1-2: Ball
2-2: Foul Ball, location: 2F
2-2: Strikes out swinging
Batting: RHB Tetsunori Ito 0-0: Ball
1-0: Fly out, F2 (Popup, 25F)
Top of the 6th over - 0 run(s), 0 hit(s), 0 error(s), 0 left on base; Gainesville 1 - West Virginia 6
BOTTOM OF THE 6TH
West Virginia Power batting - Pitching for Gainesville Guidos : RHP Ronald Adams
Batting: LHB António De Los Ángeles 0-0: Swinging Strike
0-1: Ball
1-1: Called Strike
1-2: Ball
2-2: Foul Ball, location: 2F
2-2: SINGLE (Groundball, 34D)
Batting: RHB Gonzalo Gil 0-0: Foul Ball, location: 2F
0-1: TRIPLE (Line Drive, 7LS)
António De Los Ángeles scores
Batting: RHB Luis Encarnación 0-0: Foul Ball, location: 2F
0-1: Ball
1-1: Foul Ball, location: 2F
1-2: Fly out, F7 (Flyball, 7M)
Runner from 3rd tags up, SCORES, no throw
Pitching: RHP Mario Tovar
Batting: RHB Alfonso Huertas 0-0: SINGLE (Groundball, 56D)
Batting: RHB Ben Dougherty 0-0: Swinging Strike
0-1: Ball
1-1: Foul Ball, location: 2F
1-2: Ball
Alfonso Huertas is caught stealing 2nd base
2-2: Foul Ball, location: 2F
2-2: Foul Ball, location: 2F
2-2: Fly out, F4 (Popup, 4D)
Bottom of the 6th over - 2 run(s), 3 hit(s), 0 error(s), 0 left on base; Gainesville 1 - West Virginia 8
TOP OF THE 7TH
Gainesville Guidos batting - Pitching for West Virginia Power : RHP Aaron Thrash
Batting: RHB Ben Morton 0-0: Ball
1-0: Ball
2-0: Called Strike
2-1: SINGLE (Groundball, 6MD)
Pitching: RHP Mitch Irwin
Batting: RHB Noriyori Ine 0-0: Foul Ball, location: 2F
0-1: Foul Ball, location: 2F
0-2: Fielders Choice at 2nd, 6-4 (Groundball, 6M)
Batting: LHB Mark Owens 0-0: Ball
Noriyori Ine is caught stealing 2nd base
1-0: Ball
2-0: Ground out 6-3 (Groundball, 6M)
Top of the 7th over - 0 run(s), 1 hit(s), 0 error(s), 0 left on base; Gainesville 1 - West Virginia 8
BOTTOM OF THE 7TH
West Virginia Power batting - Pitching for Gainesville Guidos : RHP Mario Tovar
Batting: RHB Alden Isenhood 0-0: Ball
1-0: Ball
2-0: Called Strike
2-1: Swinging Strike
2-2: Foul Ball, location: 2F
2-2: Ball
3-2: Ground out 5-3 (Groundball, 56)
Batting: LHB Lúcio Anaya 0-0: Ball
1-0: Called Strike
1-1: Foul Ball, location: 2F
1-2: Ball
2-2: SINGLE (Line Drive, 9LM)
Batting: RHB Dave McGrath 0-0: Called Strike
0-1: Swinging Strike
0-2: Ball
1-2: Strikes out swinging
Batting: LHB Jesús Ángel 0-0: Called Strike
0-1: Ball
1-1: Called Strike
Lúcio Anaya steals 2nd base
1-2: Strikes out swinging
Bottom of the 7th over - 0 run(s), 1 hit(s), 0 error(s), 1 left on base; Gainesville 1 - West Virginia 8
TOP OF THE 8TH
Gainesville Guidos batting - Pitching for West Virginia Power : RHP Mitch Irwin
Batting: LHB Dave Watt 0-0: Ball
1-0: Fly out, F7 (Line Drive, 7D)
Batting: RHB Kyle O'Day 0-0: Ball
1-0: Called Strike
1-1: Ball
2-1: Foul Ball, location: 2F
2-2: Ball
3-2: Base on Balls
Batting: RHB Mitch Thomas 0-0: Ball
1-0: Ball
2-0: Foul Ball, location: 2F
2-1: Foul Ball, location: 2F
2-2: Strikes out looking
Batting: LHB António Cedeńo 0-0: Ball
1-0: Ball
2-0: Ball
3-0: Called Strike
3-1: Ground out 4-3 (Groundball, 4)
Top of the 8th over - 0 run(s), 0 hit(s), 0 error(s), 1 left on base; Gainesville 1 - West Virginia 8
BOTTOM OF THE 8TH
West Virginia Power batting - Pitching for Gainesville Guidos : RHP Mario Tovar
Batting: LHB António De Los Ángeles 0-0: Called Strike
0-1: Foul Ball, location: 2F
0-2: Strikes out swinging
Pitching: LHP Pedro Flores
Batting: RHB Gonzalo Gil 0-0: Ground out 6-3 (Groundball, 6)
Batting: RHB Luis Encarnación 0-0: Ball
1-0: Ball
2-0: Foul Ball, location: 2F
2-1: Ball
3-1: Base on Balls
Batting: RHB Alfonso Huertas 0-0: Called Strike
0-1: Fly out, F8 (Line Drive, 89S)
Bottom of the 8th over - 0 run(s), 0 hit(s), 0 error(s), 1 left on base; Gainesville 1 - West Virginia 8
TOP OF THE 9TH
Gainesville Guidos batting - Pitching for West Virginia Power : RHP Mitch Irwin
Now at 3B: Rafael Ortíz
Now in CF: Luis Pérez
Batting: RHB Pedro Mata 0-0: Swinging Strike
0-1: Swinging Strike
0-2: Ball
1-2: Ground out 6-3 (Groundball, 6)
Batting: RHB Tetsunori Ito 0-0: Called Strike
0-1: Fly out, F9 (Flyball, 9D)
Batting: RHB Ben Morton 0-0: Foul Ball, location: 2F
0-1: Swinging Strike
0-2: Strikes out swinging
Top of the 9th over - 0 run(s), 0 hit(s), 0 error(s), 0 left on base; Gainesville 1 - West Virginia 8
This league is powered by Out of the Park Baseball, the baseball management simulation game for PC, Mac and Linux
Saturday, April 9th, 2016 - OOTP Baseball 16.8 Build 38